 Dungeon Crawl Stone Soup version 0.18.1-48-g4cf74bf (webtiles) character file.

500252 lepiPlod666 the Lord of Darkness (level 25, -3/140 HPs)
             Began as a Vine Stalker Gladiator on July 8, 2016.
             Was the Champion of Kikubaaqudgha.
             Killed from afar by a deep elf sorcerer (17 damage)
             ... with a bolt of acid
             ... on level 3 of the Elven Halls on July 9, 2016.
             The game lasted 06:04:21 (55824 turns).

lepiPlod666 the Lord of Darkness (VSGl)            Turns: 55824, Time: 06:04:23

Health: -3/140     AC: 25    Str: 24    XL:     25   Next: 20%
Magic:  0/55       EV: 18    Int: 16    God:    Kikubaaqudgha [******]
Gold:   3989       SH: 10    Dex: 26    Spells: 11 memorised, 11 levels left

rFire  + + .     SeeInvis +     b - +9 quick blade (elec)
rCold  . . .     Gourm    .     M - +8 fire dragon armour
rNeg   . . .     Faith    .     y - +3 buckler {reflect}
rPois  .         Spirit   +     c - +0 helmet
rElec  .         Dismiss  .     g - +0 cloak {+Inv}
rCorr  .         Reflect  +     I - +2 pair of gloves {Dex+3}
SustAt .         Harm     .     S - +2 pair of boots {Fly}
MR     ++++.                    R - amulet of Xom's Full Attention {+Rage Dex+6 SInv}
Stlth  ..........               E - ring of protection from cold
                                L - ring of magical power

@: lethally poisoned (-3 -> -3), death channel, corroded, flying, very slightly
contaminated, regenerating, incredibly resistant to hostile enchantments,
extremely unstealthy
A: fangs 3, magic resistance 1, regeneration 3, strong 2, magic shield,
antimagic bite, no device heal 3, rot immunity
a: Receive Corpses, Torment, Renounce Religion, Evoke Berserk Rage, Evoke
Invisibility, Stop Flying
}: 2/15 runes: serpentine, barnacled


You were on level 3 of the Elven Halls.
You worshipped Kikubaaqudgha.
Kikubaaqudgha was exalted by your worship.
You were not hungry.

You visited 8 branches of the dungeon, and saw 45 of its levels.
You visited 2 bazaars.
You also visited: Labyrinth.

You collected 6711 gold pieces.
You spent 2722 gold pieces at shops.

Inventory:

Hand Weapons
 b - a +9 quick blade of electrocution (weapon)
Armour
 c - a +0 helmet (worn)
 g - a +0 cloak of invisibility (worn)
 l - a gold dragon hide
 y - a +3 buckler of reflection (worn)
 I - a +2 pair of gloves of dexterity (worn)
 M - a +8 fire dragon armour (worn)
 S - a +2 pair of boots of flying (worn)
Jewellery
 d - a +3 amulet of reflection {unknown}
 w - an uncursed ring of protection from magic
 E - a ring of protection from cold (right hand)
 G - a +5 ring of protection
 L - a ring of magical power (left hand)
 R - the amulet of Xom's Full Attention (around neck) {+Rage Dex+6 SInv}
   (You found it on level 4 of the Snake Pit)

   [amulet of rage]

   It affects your dexterity (+6).
   It lets you see invisible.
   It lets you go berserk.
Wands
 C - a wand of digging (12/24)
 N - a wand of disintegration (24/24)
 X - a wand of digging (11/24)
Scrolls
 a - a scroll of amnesia
 m - 13 scrolls of teleportation
 n - 7 scrolls of magic mapping
 p - a scroll of vulnerability
 q - 6 scrolls of fog
 r - 18 scrolls of identify
 A - 11 scrolls of remove curse
 B - a scroll of enchant weapon
 D - a scroll of blinking
 J - 4 scrolls of fear
 K - a scroll of brand weapon
 Q - a scroll of summoning
 Y - 3 scrolls of silence
Potions
 i - 6 potions of agility
 j - a potion of ambrosia
 k - 4 potions of berserk rage
 o - 7 potions of resistance
 s - 5 potions of haste
 t - 17 potions of curing
 x - 7 potions of magic
 z - 9 potions of brilliance
 Z - 2 potions of might
Books
 u - Roxanne's Handbook of the Rocks
   (You took it off Roxanne on level 2 of the Elven Halls)

   Spells                             Type                      Level
   a - Sandblast                      Earth                        1
   b - Passwall                       Transmutation/Earth          2
   c - Bolt of Magma                  Conjuration/Fire/Earth       5
   d - Lee's Rapid Deconstruction     Earth                        5
   e - Statue Form                    Transmutation/Earth          6
Miscellaneous
 e - a fan of gales
 F - a sack of spiders
Comestibles
 f - 5 bread rations
 h - 35 meat rations
 H - 16 royal jellies
 O - 8 beef jerkies
 P - 48 fruits
 T - 7 slices of pizza


   Skills:
 + Level 17.3 Fighting
 - Level 12.2 Short Blades
 - Level 1.7 Throwing
 - Level 10.3 Armour
 + Level 12.8 Dodging
 - Level 5.2 Shields
 + Level 18.1 Spellcasting
 * Level 11.8 Conjurations
 - Level 20.2 Necromancy
 * Level 10.6 Ice Magic
 - Level 8.0 Evocations


You had 11 spell levels left.
You knew the following spells:

 Your Spells              Type           Power        Failure   Level  Hunger
b - Vampiric Draining     Necr           ######....   0%          3    None
c - Control Undead        Necr           ######....   1%          4    None
d - Animate Dead          Necr           N/A          1%          4    None
e - Agony                 Necr           ######..     1%          5    ###....
f - Sublimation of Blood  Necr           ######....   0%          2    None
g - Cigotuvi's Embrace    Necr           ######....   1%          5    ###....
h - Dispel Undead         Necr           ######..     1%          5    ###....
i - Simulacrum            Ice/Necr       ######....   3%          6    #####..
j - Regeneration          Chrm/Necr      #####.....   1%          3    None
k - Death Channel         Necr           ######....   1%          6    #####..
l - Freezing Cloud        Conj/Ice/Air   #####.....   71%         6    #####..


Dungeon Overview and Level Annotations

Branches:
Dungeon (15/15)            Temple (0/1) D:4            Lair (8/8) D:8
 Shoals (4/4) Lair:5        Snake (4/4) Lair:6        Slime (0/6) Lair:7
    Orc (2/2) D:11            Elf (3/3) Orc:2        Vaults (4/5) D:14
  Crypt (0/3) Vaults:2     Depths (5/5) D:15            Zot (0/5) Depths:5

Altars:
Ashenzari
Elyvilon
Gozag
Kikubaaqudgha
Makhleb
Pakellas
Ru
Trog
Xom
Yredelemnul
Zin
The Shining One
Beogh

Shops:
D:4 [   D:11 }[%*   Orc:2 ([[:!   Elf:1 *   Elf:2 ?   Snake:4 ?

Portals:
Hell: Depths:1 Depths:2 Depths:3 Depths:4 Depths:5
Abyss: Depths:4
Pandemonium: Depths:1 Depths:3
Ziggurat: Depths:1

Annotations:
Elf:2 3 runed doors
Depths:5 1 runed door


Innate Abilities, Weirdness & Mutations

You have razor-sharp teeth.
You regenerate.
When hurt, damage is shared between your health and your magic reserves.
Your bite disrupts and absorbs the magic of your enemies.
Potions and wands cannot restore your health.
You are immune to rotting.
You are resistant to hostile enchantments.
Your muscles are very strong. (Str +4)


Message History

The bolt of acid hits you!
* * * LOW HITPOINT WARNING * * *
The acid burns!
* * * LOW HITPOINT WARNING * * *
You feel sick.
Things that are here:
a chain mail; a long sword You feel sick.
The deep elf sorcerer gestures at you while chanting.
The bolt of acid misses you.
You feel sick.
There is a stone staircase leading up here.
You feel sick.
The deep elf sorcerer casts a spell at you.
The bolt of acid hits you! The acid corrodes you!
The acid burns!
* * * LOW HITPOINT WARNING * * *
The deep elf sorcerer gestures at you while chanting.
The bolt of acid hits you!
You die...
Kikubaaqudgha rasps: "You have failed me!
Welcome... death!"

##...####)#...##### #####
#e#...# ######### #(#...#
#.......# #)#...# #.##....#
#[##### #.#.....#########e######
#.#...............##...##
#.#.....#####....(#.###.########
#.##....# #...@...# #...)....#
#.###.#.# #.......###.######.#
#....)..######.....#...## ###.##
####...)(..# ####.######
###..... ##...[<..# #.# #.......
#...[....# #.# #..#....
##...(...### ##'## #.###...
#.........###...## #..#....
#.##(#.##.##.....## #.......


You could see a deep elf sorcerer and a deep elf demonologist.

Vanquished Creatures
  Mara (D:15)
  Boris (Vaults:4)
  Sojobo (D:15)
  Norris (D:14)
  Saint Roka (Orc:2)
  A golden dragon (Depths:5)
  the Enchantress (D:15)
  2 bone dragons (Depths:5)
  4 liches
  Jorgrun (Depths:1)
  Rupert (Lair:3)
  A deep elf blademaster (Elf:2)
  2 tentacled monstrosities
  2 deep elf master archers (Elf:3)
  A kraken (Shoals:1)
  2 titans
  3 sphinxes
  Polyphemus (Shoals:2)
  An ancient champion (Vaults:2)
  5 tengu reavers
  A shadow dragon (Depths:5)
  6 greater nagas
  3 storm dragons
  A large abomination (Depths:3)
  4 fire giants
  Roxanne (Elf:2)
  Donald (D:13)
  8 deep elf sorcerers
  11 frost giants
  Ilsuiw (Shoals:4)
  2 ghost moths (Depths:2)
  An orc warlord (Vaults:3)
  An emperor scorpion (shapeshifter) (Vaults:3)
  2 balrugs
  7 vault wardens
  The ghost of nixorn the Blocker, a journeyman HOFi of Nemelex Xobeh (D:12)
  A deep elf elementalist (Depths:3)
  15 very ugly things
  A caustic shrike zombie (Depths:4)
  A draconian shifter (Depths:5)
  12 ironheart preservers
  4 spriggan defenders
  A draconian annihilator (Depths:5)
  A war gargoyle (Vaults:4)
  A juggernaut skeleton (Depths:4)
  6 vampire knights
  15 stone giants
  3 deep elf demonologists (Elf:3)
  2 salamander stormcallers (Vaults:3)
  A draconian caller (Depths:5)
  A green draconian (Depths:5)
  2 deep elf annihilators (Elf:3)
  2 black draconians (Depths:5)
  3 red draconians (Depths:5)
  5 mottled draconians (Depths:5)
  2 purple draconians (Depths:5)
  A white draconian (Depths:5)
  7 spark wasps
  4 deep elf death magi
  2 merfolk javelineers (Shoals:4)
  8 merfolk impalers
  3 crystal guardians (Elf:3)
  9 ettins
  12 vault guards
  2 deep elf high priests
  2 minotaurs
  14 fire dragons
  A great orb of eyes (Vaults:1)
  6 ice dragons
  A spriggan air mage (D:15)
  4 rakshasas
  7 yaktaur captains
  A catoblepas (Shoals:2)
  5 entropy weavers
  10 naga warriors
  8 hydras
  2 death knights (Vaults:2)
  Fannar (Lair:1)
  An alligator snapping turtle (Shoals:3)
  7 centaur warriors
  5 anacondas
  A queen ant (Lair:7)
  4 tengu warriors
  13 dancing weapons
  3 merfolk aquamancers
  A satyr (Shoals:4)
  14 ogre magi
  6 naga sharpshooters
  6 deep troll shamans
  9 deep troll earth magi
  5 orc high priests
  Urug (Lair:1)
  2 spriggan berserkers
  3 vampire magi
  18 death yaks
  2 titan zombies (Depths:4)
  2 shock serpents
  The ghost of tape the Tainter, a journeyman GrVM of Vehumet (Orc:1)
  Sonja (D:10)
  2 soul eaters (Depths:3)
  8 deep elf knights
  A deep troll (shapeshifter) (Elf:1)
  Nergalle (Lair:1)
  A sea snake (shapeshifter) (Depths:3)
  2 sun demons
  3 hell knights
  10 skeletal warriors
  5 salamander mystics
  13 sea snakes
  3 unseen horrors
  9 shadow wraiths (Depths:2)
  33 deep trolls
  A golden dragon zombie (Depths:4)
  A storm dragon skeleton (Depths:4)
  3 flayed ghosts
  15 ironbrand convokers
  7 phantasmal warriors (Depths:2)
  A giant orange brain (Depths:3)
  5 naga ritualists
  16 deep elf archers
  7 hill giants
  20 harpies
  A torturous demonspawn (Depths:3)
  11 orc knights
  A sphinx zombie (Depths:4)
  A tengu zombie (Depths:4)
  2 lindwurms (Lair:8)
  A wizard (Depths:4)
  8 necromancers
  6 cyclopes
  5 mana vipers
  A tengu skeleton (Depths:4)
  11 griffons
  3 wolf spiders
  3 hornets
  28 ugly things
  3 fauns
  6 orc sorcerers
  52 deep elf magi
  A manticore (shapeshifter) (Depths:3)
  17 slime creatures
  5 manticores
  15 salamanders
  A sphinx skeleton (Vaults:4)
  10 elephants
  A human skeleton (Vaults:2)
  A black mamba (shapeshifter) (Vaults:4)
  A rust devil (Depths:3)
  8 naga magi
  2 stone giant skeletons
  6 guardian serpents
  5 torpor snails (Lair:8)
  A spriggan zombie (Depths:4)
  41 black mambas
  A frost giant skeleton (Depths:4)
  9 sirens
  12 vault sentinels
  2 water nymphs
  10 spiny frogs
  A spiny frog (shapeshifter) (Depths:1)
  A kobold demonologist (D:15)
  2 yaktaur zombies
  2 komodo dragons (shapeshifter)
  An orc skeleton (Vaults:2)
  11 komodo dragons
  2 efreet
  31 yaktaurs
  2 freezing wraiths (Vaults:4)
  3 tengu conjurers
  2 jumping spiders
  3 wind drakes
  5 trolls
  8 polar bears (Lair:8)
  5 giant leeches (Lair:8)
  15 merfolk
  2 raiju (Lair:8)
  18 blink frogs
  19 two-headed ogres
  6 boulder beetles
  4 snapping turtles
  4 air elementals
  An ettin skeleton (Vaults:2)
  8 shadows
  5 water elementals
  5 wyverns
  6 spriggans (D:15)
  4 wraiths
  14 humans (D:13)
  3 tarantellas
  2 fire elementals
  16 redbacks
  38 yaks
  A basilisk (Lair:2)
  A golden eye (shapeshifter) (Vaults:3)
  A chaos spawn (Depths:3)
  2 steam dragons
  A hippogriff (shapeshifter) (Depths:4)
  12 hippogriffs
  19 vampire mosquitoes
  6 swamp worms (Lair:4)
  15 wargs
  23 nagas
  A naga (shapeshifter) (Vaults:3)
  3 mottled dragons
  A human zombie (Depths:4)
  15 soldier ants (Lair:7)
  2 hell hounds (Lair:8)
  17 water moccasins
  35 orc warriors
  8 porcupines
  5 sky beasts
  8 ice beasts
  2 phantoms (D:9)
  5 necrophages (D:9)
  13 black bears
  An eye of draining (Vaults:3)
  4 wasps
  53 ogres
  31 centaurs
  16 wolves
  3 boggarts (Depths:3)
  16 crocodiles
  3 big kobolds
  23 giant frogs
  2 earth elementals (Elf:1)
  A wyvern zombie (D:14)
  5 scorpions
  2 wyvern skeletons
  9 killer bees (D:9)
  8 wights
  3 electric eels
  6 howler monkeys
  5 crimson imps
  2 human simulacra
  A quasit (Depths:3)
  3 giant frog zombies
  3 iron imps (Depths:3)
  A yaktaur simulacrum (Vaults:1)
  2 giant frog skeletons
  30 orc priests
  12 hounds
  A jelly (D:11)
  32 orc wizards
  Crazy Yiuf (D:5)
  2 centaur skeletons
  10 iguanas
  46 worker ants
  9 hell rats (Lair:3)
  20 sheep
  A hound skeleton (D:4)
  3 mummies (D:9)
  A howler monkey zombie (D:9)
  A worker ant zombie (D:6)
  3 gnolls (D:4)
  12 adders
  48 river rats
  3 shadow imps
  2 white imps
  An ufetubus (Depths:3)
  5 oozes
  3 adder zombies
  29 worms
  2 dart slugs
  10 giant geckos
  102 orcs
  5 bats
  5 giant cockroaches
  4 goblins
  A hobgoblin (D:3)
  10 jackals
  9 kobolds
  2 quokkas
  A ball python (D:5)
  A ball python skeleton (D:4)
  2 giant newts
  15 rats
  A butterfly (Lair:3)
  A crawling corpse (Depths:3)
  A fungus (Lair:8)
  2 tentacles (Shoals:1)
1934 creatures vanquished.

Vanquished Creatures (collateral kills)
  Vashnia (Snake:4)
  Jory (Depths:2)
  A titan (Depths:5)
  A storm dragon (Depths:3)
  7 greater nagas
  2 fire giants
  3 vault wardens
  An iron dragon (Depths:3)
  A frost giant (Depths:2)
  Aizul (Shoals:4)
  A small abomination (Depths:3)
  4 ironheart preservers
  3 stone giants
  A salamander stormcaller (Vaults:3)
  A red draconian (Depths:5)
  A white draconian (Depths:5)
  A deep elf demonologist (Vaults:1)
  A merfolk javelineer (Shoals:4)
  3 deep elf death magi
  2 yaktaur captains
  2 merfolk impalers (Shoals:4)
  3 fire dragons
  2 vault guards
  An entropy weaver (Depths:3)
  A deep elf high priest (Elf:3)
  11 naga warriors
  A hydra (D:14)
  An ice dragon (Lair:8)
  3 spriggan air magi
  A centaur warrior (Vaults:2)
  3 anacondas (Snake:3)
  2 ogre magi
  A merfolk aquamancer (Shoals:4)
  A death knight (Vaults:2)
  2 deep troll shamans
  2 deep troll earth magi (Depths:4)
  2 tengu warriors
  6 naga sharpshooters
  A death yak (Lair:6)
  A titan zombie (Depths:4)
  2 shock serpents (Snake:4)
  A sun demon (Depths:5)
  2 salamander mystics (Snake:4)
  A spark wasp zombie (Depths:4)
  4 sea snakes
  4 deep trolls (Depths:4)
  A flayed ghost (Depths:4)
  5 naga ritualists
  A hill giant (D:13)
  2 deep elf archers
  4 harpies (Shoals:4)
  An orc knight (Vaults:3)
  6 mana vipers
  A deep elf mage (Elf:1)
  A wizard (Depths:3)
  2 manticores
  A griffon (Shoals:1)
  4 ugly things
  A hornet (shapeshifter) (Depths:3)
  A salamander (Snake:4)
  4 sirens
  2 vault sentinels
  An ice statue (Snake:1)
  2 water nymphs (Shoals:4)
  10 black mambas
  12 naga magi
  3 guardian serpents
  A torpor snail (Lair:8)
  6 spiny frogs
  A freezing wraith (Vaults:4)
  7 yaktaurs
  4 merfolk
  A two-headed ogre (Vaults:1)
  2 wind drakes (Shoals:4)
  A wind drake (shapeshifter) (Vaults:1)
  3 raiju (Lair:8)
  3 blink frogs
  A snapping turtle (Shoals:1)
  An air elemental (Depths:3)
  5 yaks
  A shadow (Depths:2)
  5 redbacks
  A spriggan (Depths:2)
  4 water elementals
  A tarantella (Vaults:4)
  2 humans (D:13)
  A hungry ghost (D:14)
  4 vampire mosquitoes
  2 hippogriffs
  25 nagas
  3 water moccasins
  A porcupine (Lair:6)
  3 black bears (Lair:8)
  5 orc warriors
  A wasp (Depths:2)
  11 ogres
  A boggart (Depths:4)
  A wolf (Lair:8)
  3 crocodiles
  A big kobold (shapeshifter) (Vaults:4)
  A giant frog (Lair:5)
  A killer bee (D:9)
  An electric eel (Lair:1)
  2 hounds (Lair:8)
  2 jellies (Lair:7)
  2 orc priests (Orc:2)
  An iguana (Lair:5)
  5 hell rats (Lair:3)
  2 worker ants (Lair:7)
  6 sheep
  9 river rats
  An ooze (Lair:7)
  An adder skeleton (D:9)
  2 worms (Lair:8)
  11 orcs
  4 rats (Lair:3)
  6 fungi
  9 plants
341 creatures vanquished.

Vanquished Creatures (others)
  A deep elf blademaster (Depths:1)
  An eldritch tentacle (Depths:4)
  A tengu reaver (Vaults:3)
  An ettin (Vaults:3)
  2 yaktaur captains (Vaults:3)
  A deep elf archer (Vaults:2)
  An ironbrand convoker (Vaults:3)
  A deep elf mage (Elf:3)
  A shining eye (shapeshifter) (Vaults:2)
  A naga mage (Snake:1)
  3 yaktaurs
  A freezing wraith (Vaults:3)
  A troll (shapeshifter) (Depths:1)
  A two-headed ogre (Vaults:3)
  A yak (Lair:7)
  A hell hound (Lair:8)
  A porcupine (Lair:7)
  An ogre (Vaults:3)
  A boggart (Depths:1)
  2 centaurs
  A human simulacrum (Vaults:3)
  An orc wizard (Orc:2)
  A sheep (Lair:7)
  A giant cockroach (shapeshifter) (Depths:5)
  42 eldritch tentacle segments (Depths:4)
  30 fungi
  58 plants
  4 tentacles (Shoals:1)
  41 tentacle segments (Shoals:1)
  2 withered plants (D:9)
205 creatures vanquished.

Grand Total: 2480 creatures vanquished

Notes
Turn   | Place    | Note
--------------------------------------------------------------
     0 | D:1      | lepiPlod666 the Vine Stalker Gladiator began the quest for the Orb.
     0 | D:1      | Reached XP level 1. HP: 11/11 MP: 2/2
   464 | D:1      | Reached XP level 2. HP: 15/15 MP: 3/3
   713 | D:2      | Reached skill level 1 in Spellcasting
   852 | D:2      | You fall through a shaft!
   884 | D:3      | Reached XP level 3. HP: 17/18 MP: 5/5
  1178 | D:3      | Found a white marble altar of Elyvilon.
  1664 | D:3      | Reached XP level 4. HP: 2/23 MP: 6/8
  1911 | D:3      | Found an oddly glowing altar of Pakellas.
  1911 | D:3      | Found an ancient bone altar of Kikubaaqudgha.
  1918 | D:3      | Became a worshipper of Kikubaaqudgha
  2229 | D:4      | Reached XP level 5. HP: 18/26 MP: 9/9
  2238 | D:4      | Noticed an ice beast
  2354 | D:4      | Killed an ice beast
  2354 | D:4      | Reached skill level 5 in Short Blades
  2526 | D:4      | Gained mutation: You heal very quickly. [Vine Stalker growth]
  2526 | D:4      | Reached XP level 6. HP: 30/30 MP: 11/11
  2555 | D:4      | Found Lokasoj's Antique Armour Boutique.
  2559 | D:4      | Bought a shiny buckler for 108 gold pieces
  2559 | D:4      | Bought a dyed leather armour for 48 gold pieces
  2753 | D:4      | Found a burning altar of Makhleb.
  2753 | D:4      | Found a glowing silver altar of Zin.
  2754 | D:4      | Noticed an angel
  2754 | D:4      | Noticed a cacodemon
  2950 | D:4      | Found a staircase to the Ecumenical Temple.
  2972 | D:5      | Entered Level 5 of the Dungeon
  2992 | D:4      | Reached skill level 1 in Shields
  3048 | D:5      | Noticed an ice beast
  3092 | D:4      | Killed an ice beast
  3092 | D:4      | Reached XP level 7. HP: 18/34 MP: 10/13
  3299 | D:5      | Found a bloodstained altar of Trog.
  3504 | D:5      | Reached * piety under Kikubaaqudgha
  3504 | D:5      | Received a gift from Kikubaaqudgha
  3535 | D:5      | Identified Kikubaaqudgha's Volume of Sinister Secrets (Kikubaaqudgha gifted it to you on level 5 of the Dungeon)
  3539 | D:5      | Learned a level 2 spell: Corpse Rot
  3543 | D:5      | Learned a level 3 spell: Vampiric Draining
  3548 | D:5      | Learned a level 4 spell: Control Undead
  3662 | D:5      | Noticed Crazy Yiuf
  3674 | D:5      | Killed Crazy Yiuf
  3674 | D:5      | Reached skill level 1 in Necromancy
  3835 | D:5      | Gained mutation: You have razor-sharp teeth. [Vine Stalker growth]
  3835 | D:5      | Reached XP level 8. HP: 23/38 MP: 10/15
  3956 | D:6      | Reached skill level 2 in Necromancy
  4560 | D:6      | Reached skill level 3 in Necromancy
  4610 | D:6      | Reached ** piety under Kikubaaqudgha
  4610 | D:6      | Reached XP level 9. HP: 42/42 MP: 16/16
  5024 | D:6      | Found an opulent altar of Gozag.
  5290 | D:6      | Reached skill level 4 in Necromancy
  5690 | D:7      | Found a shimmering altar of Xom.
  6083 | D:8      | Found a staircase to the Lair.
  6097 | D:8      | Noticed a death yak
  6160 | D:8      | Killed a death yak
  6160 | D:8      | Reached skill level 5 in Shields
  6160 | D:8      | Reached skill level 5 in Necromancy
  6535 | D:8      | Found a glowing golden altar of the Shining One.
  6555 | D:8      | Found a basalt altar of Yredelemnul.
  6728 | D:8      | Reached XP level 10. HP: 32/46 MP: 12/17
  6737 | D:8      | Reached skill level 1 in Armour
  6852 | D:8      | Noticed an angel
  6935 | D:9      | Reached skill level 10 in Short Blades
  7111 | D:9      | Reached *** piety under Kikubaaqudgha
  7111 | D:9      | Received a gift from Kikubaaqudgha
  7112 | D:9      | Identified Kikubaaqudgha's Volume of Dark Rites (Kikubaaqudgha gifted it to you on level 9 of the Dungeon)
  7139 | D:9      | Learned a level 4 spell: Animate Dead
  7182 | D:9      | Reached skill level 6 in Necromancy
  7986 | D:10     | Entered Level 10 of the Dungeon
  8020 | D:10     | Noticed an orc knight
  8053 | D:10     | Reached skill level 7 in Necromancy
  8358 | D:9      | Reached XP level 11. HP: 42/50 MP: 15/18
  8429 | Lair:1   | Entered Level 1 of the Lair of Beasts
  8554 | Lair:1   | Noticed Fannar
  8581 | Lair:1   | Learned a level 5 spell: Agony
  8593 | Lair:1   | Noticed Urug
  8609 | Lair:1   | Killed Urug
  8762 | Lair:1   | Noticed Nergalle
  8875 | Lair:1   | Killed Nergalle
  9068 | Lair:1   | Noticed a six-headed hydra
  9099 | Lair:1   | Killed a six-headed hydra
  9099 | Lair:1   | Reached skill level 8 in Necromancy
  9441 | Lair:1   | Killed Fannar
  9441 | Lair:1   | Reached skill level 5 in Armour
  9805 | Lair:2   | Reached **** piety under Kikubaaqudgha
  9827 | Lair:2   | Found a shattered altar of Ashenzari.
  9867 | Lair:2   | Noticed a four-headed hydra
 10340 | Lair:1   | Reached skill level 9 in Necromancy
 10370 | Lair:2   | Killed a four-headed hydra
 10370 | Lair:2   | Gained mutation: You regenerate. [Vine Stalker growth]
 10370 | Lair:2   | Reached XP level 12. HP: 40/54 MP: 6/19
 11032 | Lair:3   | Noticed a four-headed hydra
 11055 | Lair:3   | Killed a four-headed hydra
 11190 | Lair:3   | Reached skill level 5 in Spellcasting
 11464 | Lair:3   | Reached ***** piety under Kikubaaqudgha
 11464 | Lair:3   | Reached skill level 10 in Necromancy
 11489 | Lair:3   | Noticed Rupert
 11533 | Lair:3   | Killed Rupert
 12467 | Lair:3   | Reached skill level 5 in Fighting
 13318 | Lair:4   | Reached XP level 13. HP: 46/64 MP: 24/24
 13529 | Lair:4   | Reached skill level 11 in Necromancy
 13554 | Lair:4   | Learned a level 2 spell: Sublimation of Blood
 14072 | Lair:5   | Found a staircase to the Shoals.
 14732 | Lair:6   | Reached ****** piety under Kikubaaqudgha
 15157 | Lair:6   | Found a staircase to the Snake Pit.
 15261 | Lair:6   | Reached skill level 12 in Necromancy
 15746 | D:3      | Identified a +3 rapier of pain (a +1 rapier bloodied by Kikubaaqudgha)
 15746 | D:3      | Received a gift from Kikubaaqudgha
 16227 | Lair:7   | Reached XP level 14. HP: 72/72 MP: 28/28
 16423 | Lair:7   | Gained mutation: You are resistant to hostile enchantments. [potion of mutation]
 16423 | Lair:7   | Gained mutation: Your muscles are strong. (Str +2) [potion of mutation]
 16423 | Lair:7   | Gained mutation: Your muscles are very strong. (Str +4) [potion of mutation]
 16473 | Lair:7   | Found a staircase to the Slime Pits.
 16721 | Lair:7   | Reached skill level 10 in Spellcasting
 17137 | Lair:8   | Entered Level 8 of the Lair of Beasts
 17392 | Lair:8   | Reached skill level 13 in Necromancy
 17459 | Lair:8   | Found a labyrinth entrance.
 17471 | Lab      | Entered a labyrinth
 17829 | Lab      | Got a smoking pewter amulet
 17830 | Lab      | Identified the amulet of Byllevaw {Reflect rN+++ MR- Dex+4 SH+2} (You found it in a labyrinth)
 18588 | Lair:8   | Reached skill level 10 in Fighting
 18588 | Lair:8   | Reached XP level 15. HP: 68/80 MP: 31/31
 18786 | Lair:8   | Found a runed door.
 19336 | Lair:1   | Learned a level 5 spell: Cigotuvi's Embrace
 19342 | Lair:1   | Learned a level 5 spell: Dispel Undead
 19349 | Lair:1   | Learned a level 6 spell: Simulacrum
 19855 | D:10     | Noticed Sonja
 19862 | D:10     | Killed Sonja
 20183 | D:11     | Reached skill level 14 in Necromancy
 20425 | D:11     | Found Hekhlaf's General Store.
 20428 | D:11     | Bought a scroll of identify for 28 gold pieces
 20428 | D:11     | Bought a scroll of identify for 28 gold pieces
 20460 | D:11     | Found Laodenen's Food Shoppe.
 20532 | D:11     | Found Wyte's Antique Armour Shoppe.
 20537 | D:11     | Found Waarocs's Gadget Boutique.
 20657 | D:11     | Found a staircase to the Orcish Mines.
 21008 | D:12     | Got a faintly glowing leather armour
 21058 | D:12     | Noticed nixorn's ghost (journeyman HOFi)
 21082 | D:12     | Killed nixorn's ghost
 21873 | Lair:1   | Identified the +1 leather armour "Bouxur" {Str+4} (You found it on level 12 of the Dungeon)
 22098 | D:13     | Got a scorched ring mail
 22099 | D:13     | Identified the +7 ring mail of Greater Demons {MR+ Str+2} (You found it on level 13 of the Dungeon)
 22418 | D:13     | Reached skill level 1 in Ice Magic
 22725 | D:14     | Found a gate to the Vaults.
 22725 | D:14     | Noticed Norris
 22725 | D:14     | Noticed Donald
 22811 | Orc:1    | Entered Level 1 of the Orcish Mines
 22811 | Orc:1    | Noticed tape's ghost (journeyman GrVM)
 22957 | Orc:1    | Killed tape's ghost
 22982 | Orc:1    | Found a roughly hewn altar of Beogh.
 23145 | Orc:1    | Found a roughly hewn altar of Beogh.
 23315 | Orc:2    | Entered Level 2 of the Orcish Mines
 23460 | Orc:2    | Found a staircase to the Elven Halls.
 23527 | Orc:2    | Found Herewil's Distillery.
 23738 | Orc:2    | Noticed Saint Roka
 24136 | Orc:2    | Killed Saint Roka
 24345 | Orc:2    | Found Xarul's Armour Boutique.
 24345 | Orc:2    | Found Juhuilox's Book Boutique.
 24345 | Orc:2    | Found Eratig's Antique Armour Shop.
 24496 | Orc:2    | Reached XP level 16. HP: 88/88 MP: 33/33
 24645 | Orc:2    | Found Cuaseon's Weapon Shop.
 24697 | Orc:2    | Bought a book of Necromancy for 390 gold pieces
 24701 | Orc:2    | Learned a level 3 spell: Regeneration
 24702 | Orc:2    | Bought a pair of glowing boots for 148 gold pieces
 25097 | D:13     | Killed Donald
 25162 | D:13     | Reached skill level 5 in Ice Magic
 25297 | D:14     | Killed Norris
 25596 | D:14     | Got a smoking leather armour
 25608 | D:14     | Identified the cursed +1 leather armour of the Sun {rF+ Stlth+} (You found it on level 14 of the Dungeon)
 25922 | D:15     | Entered Level 15 of the Dungeon
 26010 | D:15     | Found a shimmering altar of Xom.
 26227 | D:15     | Found a staircase to the Depths.
 26307 | D:15     | Got a sheer robe
 26308 | D:15     | Identified a scroll of acquirement
 26309 | D:15     | Identified the +1 robe of Worhelef {MR+} (You found it on level 15 of the Dungeon)
 26361 | D:15     | Reached skill level 15 in Necromancy
 26649 | D:15     | Found an oddly glowing altar of Pakellas.
 27032 | Snake:1  | Entered Level 1 of the Snake Pit
 27293 | Snake:1  | Found a glowing silver altar of Zin.
 27682 | Snake:1  | Found a gateway to a bazaar.
 27688 | Bazaar   | Entered a bazaar
 27692 | Bazaar   | Found Imel's Antique Weapon Boutique.
 27710 | Bazaar   | Found Xeubu's Gadget Shop.
 27718 | Bazaar   | Found Tuane's Jewellery Boutique.
 27726 | Bazaar   | Found Jemew's Antique Armour Boutique.
 27741 | Bazaar   | Bought a pair of runed gloves for 117 gold pieces
 27759 | Bazaar   | Bought an uncursed ring of magical power for 160 gold pieces
 27818 | Bazaar   | Bought a shiny fire dragon armour for 1560 gold pieces
 28160 | Shoals:1 | Entered Level 1 of the Shoals
 28205 | Shoals:1 | Reached XP level 17. HP: 84/93 MP: 35/35
 28646 | Shoals:1 | Noticed a kraken
 28661 | Shoals:1 | Killed a kraken
 28863 | Shoals:2 | Noticed Polyphemus
 28941 | Shoals:2 | Killed Polyphemus
 29003 | Shoals:2 | Reached skill level 16 in Necromancy
 30385 | Shoals:4 | Entered Level 4 of the Shoals
 30385 | Shoals:4 | Noticed Ilsuiw
 30683 | Shoals:4 | Killed Ilsuiw
 30949 | Shoals:4 | Noticed Aizul
 30963 | Shoals:4 | Killed Aizul
 31004 | Shoals:4 | Got a barnacled rune of Zot
 31134 | Shoals:4 | Reached skill level 17 in Necromancy
 31250 | Shoals:4 | Reached skill level 5 in Dodging
 31339 | Shoals:4 | Reached XP level 18. HP: 95/100 MP: 36/36
 32115 | Elf:1    | Entered Level 1 of the Elven Halls
 34771 | Snake:3  | Reached skill level 18 in Necromancy
 35185 | Snake:4  | Entered Level 4 of the Snake Pit
 35242 | Snake:4  | Got a vibrating ruby amulet
 35247 | Snake:4  | Identified the amulet of Xom's Full Attention {+Rage Dex+6 SInv} (You found it on level 4 of the Snake Pit)
 35298 | Snake:4  | Found Beezec's Magic Scroll Boutique.
 35322 | Snake:4  | Bought a scroll of blinking for 135 gold pieces
 35722 | Snake:4  | Reached XP level 19. HP: 96/105 MP: 37/37
 36325 | Snake:4  | Noticed Vashnia
 36417 | Snake:4  | Killed Vashnia
 36532 | Snake:4  | Got a serpentine rune of Zot
 37335 | Elf:1    | Reached skill level 1 in Evocations
 37383 | Elf:1    | Found Iyeclalol's Incredible Inventory.
 38109 | Depths:1 | Entered Level 1 of the Depths
 38109 | Depths:1 | Noticed Sojobo
 38146 | Vaults:1 | Entered Level 1 of the Vaults
 38237 | Vaults:1 | Reached skill level 5 in Evocations
 38846 | Vaults:1 | Reached XP level 20. HP: 111/111 MP: 39/39
 39756 | Vaults:2 | Found a staircase to the Crypt.
 40103 | Vaults:2 | Reached skill level 19 in Necromancy
 41465 | Vaults:3 | Reached skill level 15 in Spellcasting
 41507 | Vaults:3 | Reached XP level 21. HP: 58/116 MP: 16/41
 41948 | Vaults:3 | Reached skill level 15 in Fighting
 42000 | Vaults:3 | Found a sacrificial altar of Ru.
 42924 | Vaults:4 | Noticed Boris
 42936 | Vaults:4 | Killed Boris
 43175 | Vaults:4 | Found a flickering gateway to a bazaar.
 43184 | Bazaar   | Entered a bazaar
 43192 | Bazaar   | Found Inuoh's Jewellery Shop.
 43205 | Bazaar   | Found Sokusoso's Antique Armour Shop.
 43569 | Vaults:4 | Reached skill level 10 in Dodging
 43666 | Vaults:4 | Learned a level 6 spell: Death Channel
 43884 | Vaults:4 | Reached XP level 22. HP: 103/123 MP: 42/42
 44811 | Depths:1 | Noticed Mara
 44811 | Depths:1 | Noticed the Enchantress
 44866 | Depths:1 | Noticed lepiPlod666's illusion
 45354 | Depths:1 | Noticed lepiPlod666's illusion
 45356 | D:15     | Reached skill level 20 in Necromancy
 45412 | D:15     | Killed the Enchantress
 45414 | D:15     | Got a faerie dragon armour
 45425 | D:15     | Identified the +8 faerie dragon armour {rC+ MP+9 Slay-2} (You took it off the Enchantress on level 15 of the Dungeon)
 45475 | D:15     | Killed Sojobo
 45504 | Depths:1 | Noticed lepiPlod666's illusion
 45610 | D:15     | Killed Mara
 45886 | Depths:1 | Found a basalt altar of Yredelemnul.
 45971 | Depths:1 | Found a gateway to a ziggurat.
 46095 | Depths:1 | Noticed Jorgrun
 46125 | Depths:1 | Killed Jorgrun
 46371 | Depths:1 | Found a gateway to Hell.
 46476 | Depths:1 | Reached skill level 10 in Armour
 46576 | Depths:1 | Found a one-way gate leading to the halls of Pandemonium.
 47098 | Lair:1   | Learned a level 6 spell: Freezing Cloud
 47474 | Depths:2 | Reached skill level 1 in Conjurations
 47497 | Depths:2 | Reached XP level 23. HP: 85/128 MP: 44/44
 48286 | Depths:2 | Identified Yjoho's Reference Book on Orientation and the Blaze
 48344 | Depths:2 | Noticed Jory
 48399 | Depths:2 | Killed Jory
 48456 | Depths:2 | Got a smoking tin amulet
 48467 | Depths:2 | Identified the amulet of the Many Demons {Dismiss rF++ rN+} (You found it on level 2 of the Depths)
 48468 | Depths:2 | Identified a -3 rod of ignition (12/12) (You took it off a minotaur on level 1 of the Depths)
 48653 | Depths:2 | Got a fine turquoise ring
 48872 | Depths:2 | Reached skill level 5 in Conjurations
 49441 | Depths:3 | Identified the ring "Parianyrch" {rF+ Str+2} (You took it off a vampire knight on level 2 of the Depths)
 50955 | Depths:4 | Reached XP level 24. HP: 126/135 MP: 45/45
 51504 | Depths:4 | Found a one-way gate to the infinite horrors of the Abyss.
 51539 | Depths:4 | Identified the Tome of Evil
 51654 | Depths:5 | Entered Level 5 of the Depths
 51966 | Depths:5 | Reached skill level 10 in Conjurations
 52239 | Depths:5 | Got a clouded bronze ring
 52240 | Depths:5 | Identified the ring "Obihufumno" {*Tele Fragile Str+6 Int+4} (You found it on level 5 of the Depths)
 52550 | Depths:5 | Found a runed door.
 52550 | Depths:5 | Found a runed door.
 52550 | Depths:5 | Found a runed door.
 52802 | Depths:5 | Found a runed door.
 52833 | Depths:5 | Found a runed door.
 52837 | Depths:5 | Found a runed door.
 52998 | Depths:5 | Found a gate to the Realm of Zot.
 54067 | Elf:2    | Noticed Roxanne
 54114 | Elf:2    | Killed Roxanne
 54116 | Elf:2    | Identified Roxanne's Handbook of the Rocks (You took it off Roxanne on level 2 of the Elven Halls)
 54137 | Elf:2    | Found Vaotidawau's Magic Scroll Shop.
 54280 | Elf:2    | Found a runed gate.
 54280 | Elf:2    | Found a runed gate.
 54281 | Elf:2    | Found a runed gate.
 54330 | Elf:3    | Entered Level 3 of the Elven Halls
 54489 | Elf:3    | Reached skill level 10 in Ice Magic
 55260 | Elf:3    | Reached XP level 25. HP: 118/140 MP: 46/46
 55824 | Elf:3    | Killed from afar by a deep elf sorcerer

Skill      XL: |  1  2  3  4  5  6  7  8  9 10 11 12 13 14 15 16 17 18 19 20 21 22 23 24 |
---------------+-------------------------------------------------------------------------+-----
Short Blades   | 3 4 5 6 8 9 11 12 | 12.2
Spellcasting   | 1 2 3 4 6 9 11 12 13 14 15 16 17 18 | 18.1
Shields        | 1 2 3 5 |  5.2
Necromancy     | 1 3 5 7 9 10 12 13 14 15 17 18 19 20 | 20.2
Armour         | 3 5 6 7 9 10 | 10.3
Fighting       | 5 7 10 11 12 13 14 15 16 17 | 17.3
Ice Magic      | 3 8 10 | 10.6
Dodging        | 5 6 7 8 10 11 12 | 12.8
Evocations     | 8 |  8.0
Conjurations   | 1 8 11 | 11.8
Throwing       | |  1.7

Action                   |  1- 3 |  4- 6 |  7- 9 | 10-12 | 13-15 | 16-18 | 19-21 | 22-24 | 25-27 || total
-------------------------+-------+-------+-------+-------+-------+-------+-------+-------+-------++-------
Melee: Rapier            |   103 |   122 |   508 |  1352 |  1643 |  1243 |  1336 |   229 |       ||  6536
       Bite              |    31 |    43 |   193 |   465 |   632 |   534 |   790 |  1696 |    93 ||  4477
       Quick blade       |       |       |       |       |       |       |       |  2308 |   149 ||  2457
Throw: Throwing net      |       |     1 |     4 |       |       |       |       |       |       ||     5
 Cast: Corpse Rot        |       |       |     1 |     8 |     9 |     5 |       |       |       ||    23
       Animate Dead      |       |       |       |    14 |    80 |    58 |    34 |    38 |     4 ||   228
       Agony             |       |       |       |    20 |    31 |    31 |    52 |    27 |     2 ||   163
       Vampiric Draining |       |       |       |    23 |    41 |    14 |    42 |    29 |       ||   149
       Control Undead    |       |       |       |     2 |       |       |       |     1 |       ||     3
       Sublimation of Bl |       |       |       |       |     5 |     6 |    21 |     1 |       ||    33
       Dispel Undead     |       |       |       |       |    15 |     5 |    12 |    36 |       ||    68
       Cigotuvi's Embrac |       |       |       |       |     5 |     8 |    17 |     5 |       ||    35
       Regeneration      |       |       |       |       |       |    78 |    85 |    84 |    11 ||   258
       Simulacrum        |       |       |       |       |       |    18 |    39 |    21 |     2 ||    80
       Death Channel     |       |       |       |       |       |       |     1 |     9 |     3 ||    13
Invok: Receive Corpses   |       |       |       |     2 |     8 |     2 |     5 |       |     1 ||    18
       Brand Weapon With |       |       |       |       |     1 |       |       |       |       ||     1
 Abil: Stop Flying       |       |       |       |       |       |       |       |     1 |       ||     1
       Evoke Flight      |       |       |       |       |       |       |       |     1 |       ||     1
  Use: Scroll            |       |       |    22 |     1 |    24 |    19 |     7 |    12 |     5 ||    90
       Potion            |       |       |     4 |     1 |     5 |       |     1 |     1 |       ||    12
 Stab: Sleeping          |     1 |       |     1 |     1 |     3 |       |       |       |       ||     6
       Held in net/web   |       |       |     2 |       |     1 |       |       |       |       ||     3
       Distracted        |       |       |       |     5 |    16 |     6 |     9 |    18 |     3 ||    57
       Invisible         |       |       |       |       |     3 |       |       |       |       ||     3
  Eat: Chunk             |     2 |     5 |    11 |    33 |    40 |    33 |    43 |    35 |     1 ||   203
       Bread ration      |       |       |       |     1 |     5 |     6 |     5 |     5 |     1 ||    23
       Beef jerky        |       |       |       |       |     1 |       |       |       |       ||     1
       Pizza             |       |       |       |       |       |       |       |     2 |       ||     2
Armor: Leather armour    |    24 |    35 |    93 |   187 |   186 |    56 |       |       |       ||   581
       Skin              |       |       |     1 |       |       |       |       |       |       ||     1
       Ring mail         |       |       |       |       |    14 |       |       |       |       ||    14
       Fire dragon armou |       |       |       |       |       |   386 |   387 |   488 |    31 ||  1292
Dodge: Dodged            |    62 |    61 |   182 |   752 |   733 |   552 |   610 |   897 |    62 ||  3911
Block: Buckler           |       |    13 |   127 |   435 |   471 |   449 |   589 |   580 |    24 ||  2688
       Reflection        |       |       |     2 |     6 |    17 |    50 |    76 |    44 |     6 ||   201
